 Dungeon Crawl Stone Soup version 0.25.1-2-g60ff931df9 (webtiles) character file.

Game seed: 4377759595279964175

1900 Atelerd the Magician (level 9, -4/56 HPs)
             Began as an Octopode Venom Mage on July 29, 2020.
             Was a Follower of Sif Muna.
             Slain by a phantom (7 damage)
             ... on level 6 of the Dungeon.
             The game lasted 00:13:56 (9374 turns).

Atelerd the Magician (Octopode Venom Mage)          Turns: 9374, Time: 00:13:56

Health: -4/56      AC:  1    Str:  7    XL:     9   Next: 15%
Magic:  4/19       EV: 13    Int: 21    God:    Sif Muna [*.....]
Gold:   221        SH:  0    Dex: 12    Spells: 11/22 levels left

rFire    . . .     SeeInvis .   r - +0 spear (vamp)
rCold    . . .     Gourm    .   (no shield)
rNeg     . . .     Faith    .   (helmet restricted)
rPois    .         Spirit   .   (no amulet)
rElec    .         Reflect  .   (no ring)
rCorr    .         Harm     .   (no ring)
MR       .....                  (no ring)
Stlth    ++++......             (no ring)
HPRegen  0.18/turn              (no ring)
MPRegen  0.16/turn              (no ring)
                                (no ring)
                                (no ring)

@: no status effects
A: almost no armour, stealthy swim, amphibious, 8 rings, constrict 8, camouflage
1, gelatinous body 1
a: Channel Magic, Renounce Religion


You were on level 6 of the Dungeon.
You worshipped Sif Muna.
Sif Muna was aware of your devotion.
You were not hungry.

You visited 2 branches of the dungeon, and saw 7 of its levels.

You collected 221 gold pieces.

Inventory:

Hand Weapons
 f - a +0 falchion
 r - a +0 vampiric spear (weapon)
 s - a +0 shortbow of freezing
Missiles
 t - 23 arrows
Scrolls
 d - a scroll of blinking
 e - 2 scrolls of enchant weapon {unknown}
 g - 3 scrolls of amnesia
 h - 2 scrolls of identify
 j - a scroll of noise {unknown}
 k - a scroll of magic mapping {unknown}
 l - a scroll of enchant armour {unknown}
 n - 2 scrolls of teleportation
 o - a scroll of fog {unknown}
 u - a scroll of silence {unknown}
Potions
 c - 2 potions of curing
 i - a potion of resistance
 m - a potion of magic
 q - a potion of cancellation
Comestibles
 b - 6 rations


   Skills:
 - Level 3.0 Fighting
 - Level 2.0 Dodging
 - Level 5.0 Stealth
 + Level 7.0 Spellcasting
 - Level 3.0 Transmutations
 - Level 3.0 Fire Magic
 - Level 3.0 Air Magic
 - Level 6.0 Poison Magic
 + Level 4.0 Invocations


You had 11 spell levels left.
You knew the following spells:

 Your Spells              Type           Power        Failure   Level  Hunger
a - Sting                 Tmut/Pois      ####         1%          1    None
b - Mephitic Cloud        Conj/Pois/Air  ###.....     8%          3    #......
d - Ignite Poison         Fire/Tmut/Pois ###.....     4%          3    #......
e - Olgreb's Toxic Radia  Pois           ####....     8%          4    ###....

Your spell library contained the following spells:

 Spells                   Type           Power        Failure   Level  Hunger
 Poisonous Vapours        Pois/Air       ####..       1%          2    None


Dungeon Overview and Level Annotations

Branches:
Dungeon (6/15)             Temple (1/1) D:4

Altars:
Ashenzari
Cheibriados
Dithmenos
Elyvilon
Fedhas
Gozag
Hepliaklqana
Kikubaaqudgha
Nemelex Xobeh
Okawaru
Qazlal
Ru
Sif Muna
Trog
Uskayaw
Vehumet
Wu Jian
Xom
Yredelemnul
Zin
The Shining One

Annotations:
D:2 exclusion: downstairs
D:3 exclusion: downstairs
D:4 Grinder
D:5 exclusion: downstairs


Innate Abilities, Weirdness & Mutations

You cannot wear most types of armour.
You are very stealthy in the water. (Stealth+)
You are amphibious.
You can wear up to eight rings at the same time.
You can use your tentacles to constrict eight enemies at once.
Your skin changes colour to match your surroundings (Stealth+).
Your rubbery body absorbs attacks. (AC +1, EV +1)


Message History

Casting: Ignite Poison (dangerous; 4% risk of failure)
Confirm with . or Enter, or press ? or * to list all spells.
Aiming: Mephitic Cloud (dangerous; 8% risk of failure)
Press: ? - help, Shift-Dir - straight line, f - you
Okay, then.
Evoke which item? (* to show all) (? for menu, Esc to quit)
Attack whom?
Press: ? - help, Dir - move target cursor, f - phantom
Aim: a phantom (almost destroyed)
You reach to attack!
You hit the phantom but do no damage.
The phantom is almost destroyed.
The phantom hits you but does no damage.
Evoke which item? (* to show all) (? for menu, Esc to quit)
Attack whom?
Press: ? - help, Dir - move target cursor, f/p - phantom
Aim: a phantom (severely damaged)
You hit the phantom.
The phantom is almost destroyed.
The phantom hits you!
You die...

####..####....#.....<...#
###........#....#.........#
..............###[........#
..............'.'...).....#
......#..^....###.........#
###...#..##########'#######
#..(#..##......##.#
#######..##.####W##.#
.........##.# #@##.#
########.##.# #○##.#
#.##.####.##.# ###
#...§...°°##.# #.#
###..#######.# #.#
#..#######.# #.#
#..#.......# #.#
#..#.####### #.# #.##.# #.#


You could see a phantom.

Vanquished Creatures
  Pikel (D:6)
  Sigmund (D:4)
  Purgy (D:4)
  3 slaves (D:6)
  An ogre (D:6)
  A centaur (D:6)
  2 scorpions (D:6)
  A howler monkey (D:5)
  A bullfrog zombie (D:6)
  A hound (Temple)
  A centaur skeleton (D:4)
  6 orc wizards
  2 orc priests
  2 jellies
  2 bullfrog skeletons
  2 iguanas (D:5)
  7 worker ants
  A hound zombie (D:5)
  8 gnolls
  6 adders
  An adder skeleton (D:5)
  3 worms
  3 dart slugs
  4 leopard geckos
  17 orcs
  4 giant cockroaches
  7 goblins
  6 hobgoblins
  12 jackals
  10 kobolds
  5 quokkas
  8 bats
  10 frilled lizards
  A jackal skeleton (D:5)
  A quokka skeleton (D:5)
  A quokka zombie (D:5)
  7 rats
150 creatures vanquished.

Vanquished Creatures (others)
  An orc (D:5)
1 creature vanquished.

Grand Total: 151 creatures vanquished

Notes
Turn   | Place    | Note
-------+----------+-------------------------------------------
     0 | D:1      | Atelerd the Octopode Venom Mage began the quest for the
                  | Orb.
     0 | D:1      | Reached XP level 1. HP: 11/11 MP: 3/3
   352 | D:1      | Reached XP level 2. HP: 11/17 MP: 1/5
   554 | D:1      | Found an iron altar of Okawaru.
  1206 | D:2      | Reached XP level 3. HP: 18/21 MP: 4/6
  1439 | D:1      | Learned a level 3 spell: Mephitic Cloud
  2298 | D:2      | Reached skill level 5 in Poison Magic
  2581 | D:2      | Reached skill level 1 in Air Magic
  2636 | D:3      | Reached XP level 4. HP: 8/27 MP: 2/7
  3339 | D:2      | Learned a level 4 spell: Olgreb's Toxic Radiance
  3952 | D:3      | Reached XP level 5. HP: 24/31 MP: 4/9
  4908 | D:3      | Reached skill level 3 in Spellcasting
  5039 | D:4      | Noticed Purgy
  5367 | D:4      | Killed Purgy
  5367 | D:4      | Reached XP level 6. HP: 20/36 MP: 2/11
  5895 | D:4      | Found a staircase to the Ecumenical Temple.
  5901 | D:4      | Learned a level 3 spell: Ignite Poison
  5905 | D:4      | Reached skill level 4 in Spellcasting
  5929 | Temple   | Entered the Ecumenical Temple
  6384 | Temple   | Became a worshipper of Sif Muna the Loreminder
  6888 | D:4      | Reached XP level 7. HP: 41/41 MP: 8/14
  6914 | D:4      | Noticed Grinder
  6990 | D:4      | Reached skill level 5 in Spellcasting
  7100 | D:4      | Noticed Sigmund
  7113 | D:4      | Killed Sigmund
  7245 | D:5      | Entered Level 5 of the Dungeon
  7264 | D:5      | Reached skill level 6 in Spellcasting
  7672 | D:5      | Reached XP level 8. HP: 35/47 MP: 2/17
  7701 | D:5      | Reached skill level 1 in Fighting
  7701 | D:5      | Reached skill level 1 in Invocations
  7769 | D:5      | Reached * piety under Sif Muna
  7769 | D:5      | Reached skill level 1 in Fire Magic
  8822 | D:6      | Reached skill level 5 in Stealth
  9272 | D:6      | Noticed Pikel
  9299 | D:6      | Killed Pikel
  9299 | D:6      | Reached XP level 9. HP: 21/56 MP: 4/19
  9334 | D:6      | Reached skill level 7 in Spellcasting
  9372 | D:6      | HP: 2/56 [phantom (7)]
  9374 | D:6      | Slain by a phantom

Illustrated notes

Levels and vault maps discovered:
D:1:      dpeg_arrival_tiny_a, layout_basic, okawaru_ov_weapons_minmay
D:2:      layout_basic
D:3:      layout_loops_ring, first_ration
D:4:      layout_rooms, minmay_temple_entry_hall, sigmund_army, uniq_purgy,
          uniq_grinder
D:5:      layout_gridville
D:6:      layout_basic, uniq_pikel
Temple:   nicolae_temple_the_god_donut

Skill      XL: |  1  2  3  4  5  6  7  8  9 |
---------------+----------------------------+-----
Poison Magic   | 4 5 6 |  6.0
Air Magic      | 1 3 |  3.0
Spellcasting   | 3 4 6 7 |  7.0
Stealth        | 3 5 |  5.0
Fighting       | 3 |  3.0
Invocations    | 3 4 |  4.0
Fire Magic     | 3 |  3.0
Transmutations | 3 |  3.0
Dodging        | |  2.0

Action                   |  1- 3 |  4- 6 |  7- 9 || total
-------------------------+-------+-------+-------++-------
Melee: Unarmed           |    12 |       |       ||    12
       Constrict         |    27 |    20 |    21 ||    68
       Tentacles         |     8 |    16 |     9 ||    33
       Falchion          |    53 |    79 |    31 ||   163
       Spear             |       |       |    34 ||    34
 Cast: Sting             |    23 |    76 |    22 ||   121
       Mephitic Cloud    |       |     2 |    17 ||    19
       Ignite Poison     |       |     1 |    10 ||    11
       Olgreb's Toxic Ra |       |       |    15 ||    15
Invok: Channel Magic     |       |       |     1 ||     1
  Use: Potion            |       |     1 |     3 ||     4
       Scroll            |       |       |     6 ||     6
 Stab: Sleeping          |     7 |     4 |     4 ||    15
       Distracted        |       |     1 |       ||     1
       Confused          |       |     1 |     4 ||     5
  Eat: Chunk             |     2 |    10 |     6 ||    18
       Ration            |     1 |     1 |     2 ||     4
Armor: Skin              |    12 |     8 |     4 ||    24
Dodge: Dodged            |    74 |   112 |    58 ||   244
       Rpst.: Falchion   |    22 |    31 |    13 ||    66
